TOP OF THE 1ST |
Maui Tropics batting - Pitching for New York Knights : RHP José Navarro
|
Pitching: RHP José Navarro
|
|
Batting: LHB Mario Olivares
|
0-0: Foul Ball, location: 2F 0-1: Foul Ball, location: 2F 0-2: Strikes out swinging
|
Batting: LHB Luis Antonio Torres
|
0-0: Ball 1-0: Called Strike 1-1: Fly out, F8 (Flyball, 8RXD)
|
Batting: RHB Jesús Espinoza
|
0-0: Called Strike 0-1: Ball 1-1: DOUBLE (Line Drive, 9LS)
|
Batting: RHB José Herrera
|
0-0: Ball 1-0: Foul Ball, location: 2F 1-1: 2-RUN HOME RUN (Flyball, 78XD), Distance : 427 ft
|
Batting: RHB Luis Alou
|
0-0: Ball 1-0: Called Strike 1-1: Called Strike 1-2: Ball 2-2: Foul Ball, location: 2F 2-2: Ball 3-2: Strikes out swinging
|
Top of the 1st over - 2 run(s), 2 hit(s), 0 error(s), 0 left on base; Maui 2 - New York 0 |
BOTTOM OF THE 1ST |
New York Knights batting - Pitching for Maui Tropics : RHP José Ortíz
|
Pitching: RHP José Ortíz
|
|
Batting: LHB Warren Potter
|
0-0: Ball 1-0: Called Strike 1-1: Ball 2-1: Foul Ball, location: 2F 2-2: Fly out, F7 (Flyball, 78D)
|
Batting: RHB Pepe Carrasco
|
0-0: Ground out 5-3 (Groundball, 56S)
|
Batting: LHB Troy Donaldson
|
0-0: Ball 1-0: Ball 2-0: Ball 3-0: Fly out, F4 (Line Drive, 6M)
|
Bottom of the 1st over - 0 run(s), 0 hit(s), 0 error(s), 0 left on base; Maui 2 - New York 0 |
TOP OF THE 2ND |
Maui Tropics batting - Pitching for New York Knights : RHP José Navarro
|
Batting: LHB Anacleto Morillo
|
0-0: Called Strike 0-1: Ball 1-1: Ball 2-1: Foul Ball, location: 2F 2-2: Ball 3-2: Ground out 4-3 (Groundball, 34)
|
Batting: RHB Michael Woodruff
|
0-0: Swinging Strike 0-1: Swinging Strike 0-2: Strikes out looking
|
Batting: LHB Mike Pearson
|
0-0: Called Strike 0-1: Ball 1-1: SINGLE (Groundball, 34D)
|
Batting: RHB Matt Silver
|
0-0: Called Strike 0-1: Ball 1-1: Foul Ball, location: 2F 1-2: Ball Mike Pearson steals 2nd base 2-2: Fly out, F8 (Flyball, 8RD)
|
Top of the 2nd over - 0 run(s), 1 hit(s), 0 error(s), 1 left on base; Maui 2 - New York 0 |
BOTTOM OF THE 2ND |
New York Knights batting - Pitching for Maui Tropics : RHP José Ortíz
|
Batting: SHB Marvin Harris
|
0-0: Called Strike 0-1: SINGLE (Groundball, 34D)
|
Batting: RHB Lonnie Anderson
|
0-0: Called Strike 0-1: Called Strike 0-2: Strikes out swinging
|
Batting: RHB Yasuhiko Sumita
|
0-0: Ball 1-0: Foul Ball, location: 2F 1-1: Ball 2-1: Ball 3-1: Foul Ball, location: 2F 3-2: Fielders Choice at 2nd, 4-6 (Groundball, 4)
|
Batting: LHB Marcos Pérez
|
0-0: Foul Ball, location: 2F 0-1: Ball 1-1: SINGLE (Line Drive, 4MD) Yasuhiko Sumita to second
|
Batting: RHB Júlio Trinidad
|
0-0: Ball 1-0: Foul Ball, location: 2F 1-1: Foul Ball, location: 2F 1-2: Foul Ball, location: 2F 1-2: Ball 2-2: Fly out, F3 (Popup, 3)
|
Bottom of the 2nd over - 0 run(s), 2 hit(s), 0 error(s), 2 left on base; Maui 2 - New York 0 |
TOP OF THE 3RD |
Maui Tropics batting - Pitching for New York Knights : RHP José Navarro
|
Batting: LHB Mario Olivares
|
0-0: Ground out 6-3 (Groundball, 6)
|
Batting: LHB Luis Antonio Torres
|
0-0: Ground out 4-3 (Groundball, 4)
|
Batting: RHB Jesús Espinoza
|
0-0: Called Strike 0-1: Foul Ball, location: 2F 0-2: Strikes out swinging
|
Top of the 3rd over - 0 run(s), 0 hit(s), 0 error(s), 0 left on base; Maui 2 - New York 0 |
BOTTOM OF THE 3RD |
New York Knights batting - Pitching for Maui Tropics : RHP José Ortíz
|
Batting: LHB Arthur Hall
|
0-0: Ball 1-0: Fly out, F9 (Flyball, 9S)
|
Batting: LHB Warren Potter
|
0-0: Called Strike 0-1: Ball 1-1: Ground out 4-3 (Groundball, 4)
|
Batting: RHB Pepe Carrasco
|
0-0: Called Strike 0-1: Ball 1-1: SINGLE (Groundball, 6MD)
|
Batting: LHB Troy Donaldson
|
0-0: Called Strike 0-1: Swinging Strike 0-2: Fielders Choice at 2nd, 4-6 (Groundball, 4)
|
Bottom of the 3rd over - 0 run(s), 1 hit(s), 0 error(s), 0 left on base; Maui 2 - New York 0 |
TOP OF THE 4TH |
Maui Tropics batting - Pitching for New York Knights : RHP José Navarro
|
Batting: RHB José Herrera
|
0-0: SINGLE (Flyball, 8RS)
|
Batting: RHB Luis Alou
|
0-0: Ball 1-0: DOUBLE (Line Drive, 89D) José Herrera to third
|
Batting: LHB Anacleto Morillo
|
0-0: Ball 1-0: Ball 2-0: Ball 3-0: Called Strike 3-1: Base on Balls
|
Batting: RHB Michael Woodruff
|
0-0: SINGLE (Flyball, 6MD) José Herrera scores Luis Alou to third Anacleto Morillo to second
|
Batting: LHB Mike Pearson
|
0-0: Fielders Choice at 2nd, 3-6 (Groundball, 3) Luis Alou scores Anacleto Morillo to third
|
Batting: RHB Matt Silver
|
0-0: SINGLE (Line Drive, 6) Anacleto Morillo scores Mike Pearson to second
|
Batting: LHB Mario Olivares
|
0-0: Ball 1-0: Foul Ball, location: 2F 1-1: Fly out, F7 (Flyball, 7S)
|
Batting: LHB Luis Antonio Torres
|
0-0: Called Strike 0-1: Ball 1-1: Called Strike 1-2: Foul Ball, location: 2F 1-2: Fly out, F6 (Popup, 6)
|
Top of the 4th over - 3 run(s), 4 hit(s), 0 error(s), 2 left on base; Maui 5 - New York 0 |
BOTTOM OF THE 4TH |
New York Knights batting - Pitching for Maui Tropics : RHP José Ortíz
|
Batting: SHB Marvin Harris
|
0-0: Ball 1-0: Called Strike 1-1: Called Strike 1-2: Foul Ball, location: 2F 1-2: Ball 2-2: Ball 3-2: Foul Ball, location: 2F 3-2: Base on Balls
|
Batting: RHB Lonnie Anderson
|
0-0: Ball 1-0: Foul Ball, location: 2F 1-1: Ball 2-1: Ball 3-1: Base on Balls Marvin Harris to second
|
Batting: RHB Yasuhiko Sumita
|
0-0: Called Strike 0-1: Ball 1-1: Ball 2-1: Ball 3-1: Base on Balls Marvin Harris to third Lonnie Anderson to second
|
Batting: LHB Marcos Pérez
|
0-0: SINGLE (Groundball, 4MD) Marvin Harris scores Lonnie Anderson to third Yasuhiko Sumita to second
|
Batting: RHB Júlio Trinidad
|
0-0: Foul Ball, location: 2F 0-1: Swinging Strike 0-2: Strikes out swinging
|
Batting: LHB Arthur Hall
|
0-0: Ball 1-0: Foul Ball, location: 2F 1-1: Ball 2-1: Ball 3-1: Swinging Strike 3-2: Foul Ball, location: 2F 3-2: Base on Balls Lonnie Anderson scores Yasuhiko Sumita to third Marcos Pérez to second
|
Batting: LHB Warren Potter
|
0-0: Called Strike 0-1: Ball 1-1: Grounds into double play, 4-6-3 (Groundball, 4)
|
Bottom of the 4th over - 2 run(s), 1 hit(s), 0 error(s), 2 left on base; Maui 5 - New York 2 |
TOP OF THE 5TH |
Maui Tropics batting - Pitching for New York Knights : RHP José Navarro
|
Pitching: RHP Will Jackson
|
|
Batting: RHB Jesús Espinoza
|
0-0: Called Strike 0-1: Foul Ball, location: 2F 0-2: Ball 1-2: Fly out, F8 (Flyball, 8LM)
|
Batting: RHB José Herrera
|
0-0: Ball 1-0: SINGLE (Groundball, 6) (infield hit)
|
Batting: RHB Luis Alou
|
0-0: Called Strike 0-1: Fielders Choice at 2nd, 6-4 (Groundball, 6)
|
Batting: LHB Anacleto Morillo
|
0-0: SINGLE (Line Drive, 7LS) Luis Alou to second
|
Batting: RHB Michael Woodruff
|
0-0: Called Strike 0-1: Ball 1-1: Fly out, F9 (Flyball, 9)
|
Top of the 5th over - 0 run(s), 2 hit(s), 0 error(s), 2 left on base; Maui 5 - New York 2 |
BOTTOM OF THE 5TH |
New York Knights batting - Pitching for Maui Tropics : RHP José Ortíz
|
Pitching: RHP Todd Howell
|
|
Batting: RHB Pepe Carrasco
|
0-0: Called Strike 0-1: Ball 1-1: Reached on error, E9 (Flyball, 9)
|
Batting: LHB Troy Donaldson
|
0-0: Ball 1-0: Called Strike 1-1: Ground out 5-3 (Groundball, 56S) Pepe Carrasco to second
|
Batting: SHB Marvin Harris
|
0-0: Called Strike 0-1: Ball 1-1: Ball 2-1: Foul Ball, location: 2F 2-2: Ball 3-2: Base on Balls
|
Batting: RHB Lonnie Anderson
|
0-0: Ball 1-0: Foul Ball, location: 2F 1-1: Foul Ball, location: 2F 1-2: Ball 2-2: Ball 3-2: Base on Balls Pepe Carrasco to third Marvin Harris to second
|
Batting: RHB Yasuhiko Sumita
|
0-0: Ball 1-0: Called Strike 1-1: Foul Ball, location: 2F 1-2: Ball 2-2: Strikes out swinging
|
Batting: LHB Marcos Pérez
|
0-0: Ball 1-0: Ball 2-0: Called Strike 2-1: Ball 3-1: Swinging Strike 3-2: Foul Ball, location: 2F 3-2: Foul Ball, location: 2F 3-2: Fly out, F3 (Line Drive, 34)
|
Bottom of the 5th over - 0 run(s), 0 hit(s), 1 error(s), 3 left on base; Maui 5 - New York 2 |
TOP OF THE 6TH |
Maui Tropics batting - Pitching for New York Knights : RHP Will Jackson
|
Batting: LHB Mike Pearson
|
0-0: Ball 1-0: Fly out, F7 (Flyball, 7S)
|
Batting: RHB Matt Silver
|
0-0: Called Strike 0-1: Ball 1-1: Swinging Strike 1-2: Ball 2-2: Strikes out swinging
|
Pinch Hitting: LHB Mark Everett
|
0-0: Ball 1-0: Fly out, F6 (Line Drive, 6D)
|
Top of the 6th over - 0 run(s), 0 hit(s), 0 error(s), 0 left on base; Maui 5 - New York 2 |
BOTTOM OF THE 6TH |
New York Knights batting - Pitching for Maui Tropics : RHP Todd Howell
|
Now in CF: Don Hull
|
|
Batting: RHB Júlio Trinidad
|
0-0: Called Strike 0-1: Called Strike 0-2: Strikes out swinging
|
Batting: LHB Arthur Hall
|
0-0: Ball 1-0: Called Strike 1-1: Fly out, F8 (Flyball, 8RD)
|
Pitching: RHP Luis De Los Ángeles
|
|
Pinch Hitting: LHB Pablo Rivas
|
0-0: Ground out 1-3 (Groundball, 15)
|
Bottom of the 6th over - 0 run(s), 0 hit(s), 0 error(s), 0 left on base; Maui 5 - New York 2 |
TOP OF THE 7TH |
Maui Tropics batting - Pitching for New York Knights : RHP Will Jackson
|
Now in RF: Pablo Rivas
|
|
Pinch Hitting: RHB Jeff Packard
|
0-0: Ball 1-0: Ball 2-0: Ball 3-0: Called Strike 3-1: Called Strike 3-2: Fly out, F9 (Flyball, 9)
|
Pinch Hitting: LHB Javier Espinoza
|
0-0: Fly out, F8 (Line Drive, 8LM)
|
Pinch Hitting: SHB Tom Stevens
|
0-0: Ball 1-0: Ball 2-0: Ball 3-0: Base on Balls
|
Pinch Hitting: LHB Dave Cook
|
0-0: Ball 1-0: Ball 2-0: Called Strike 2-1: Foul Ball, location: 2F 2-2: Ball 3-2: Foul Ball, location: 2F 3-2: Foul Ball, location: 2F 3-2: Strikes out swinging
|
Top of the 7th over - 0 run(s), 0 hit(s), 0 error(s), 1 left on base; Maui 5 - New York 2 |
BOTTOM OF THE 7TH |
New York Knights batting - Pitching for Maui Tropics : RHP Luis De Los Ángeles
|
Now at 1B: Tom Stevens
|
|
Now at 2B: Javier Espinoza
|
|
Now in LF: Jeff Packard
|
|
Now in RF: Richard Bankhead
|
|
Pinch Hitting: LHB Germán Charfauros
|
0-0: Called Strike 0-1: Ball 1-1: Foul Ball, location: 2F 1-2: Foul Ball, location: 2F 1-2: Foul Ball, location: 2F 1-2: SINGLE (Groundball, 3D)
|
Pinch Hitting: RHB Steve Sampson
|
0-0: Ball 1-0: Ball 2-0: Ball 3-0: Called Strike 3-1: SINGLE (Groundball, 6MD) Germán Charfauros to second Runner from 2nd tries for 3rd, SAFE, no throw
|
Pinch Hitting: LHB Nicholas Alston
|
0-0: Fly out, F5 (Line Drive, 56) Lined into DP, U5 (Line Drive, 56)
|
Pinch Hitting: LHB Dan Hamilton
|
0-0: Called Strike 0-1: Fielders Choice at 2nd, 4-6 (Groundball, 4)
|
Bottom of the 7th over - 0 run(s), 2 hit(s), 0 error(s), 0 left on base; Maui 5 - New York 2 |
BOTTOM OF THE 8TH |
New York Knights batting - Pitching for Maui Tropics : RHP Luis De Los Ángeles
|
Now at 3B: David Moran
|
|
Batting: RHB Yasuhiko Sumita
|
0-0: Foul Ball, location: 2F 0-1: Foul Ball, location: 2F 0-2: Strikes out looking
|
Batting: LHB Patrick Bright
|
0-0: Ball 1-0: Ground out 5-3 (Groundball, 56S)
|
Pinch Hitting: LHB Keith Green
|
0-0: Fly out, F7 (Flyball, 7S)
|
Bottom of the 8th over - 0 run(s), 0 hit(s), 0 error(s), 0 left on base; Maui 5 - New York 2 |
TOP OF THE 9TH |
Maui Tropics batting - Pitching for New York Knights : RHP Will Jackson
|
Pitching: LHP Leo Huggins
|
|
Now at 3B: Dave Lee
|
|
Pinch Hitting: RHB Ximena Campos
|
0-0: Called Strike 0-1: Swinging Strike 0-2: Foul Ball, location: 2F 0-2: Ground out 6-3 (Groundball, 6)
|
Pitching: LHP Phil Davis
|
|
Batting: LHB Don Hull
|
0-0: Called Strike 0-1: Ball 1-1: Foul Ball, location: 2F 1-2: Ground out 5-3 (Groundball, 56D)
|
Pitching: RHP Felipe Rodríguez
|
|
Batting: RHB Jeff Packard
|
0-0: Called Strike 0-1: Ball 1-1: Ball 2-1: Called Strike 2-2: Strikes out swinging
|
Top of the 9th over - 0 run(s), 0 hit(s), 0 error(s), 0 left on base; Maui 5 - New York 2 |
BOTTOM OF THE 9TH |
New York Knights batting - Pitching for Maui Tropics : RHP Luis De Los Ángeles
|
Pitching: LHP Kent Robinson
|
|
Now at 1B: Ximena Campos
|
|
Pinch Hitting: RHB Xavier Feliciano
|
0-0: Ground out 4-3 (Groundball, 34)
|
Batting: LHB Pablo Rivas
|
0-0: Fly out, F7 (Flyball, 7)
|
Batting: LHB Germán Charfauros
|
0-0: Called Strike 0-1: Ball 1-1: Fly out, F3 (Popup, 3S)
|
Bottom of the 9th over - 0 run(s), 0 hit(s), 0 error(s), 0 left on base; Maui 5 - New York 2 |
|